 Dungeon Crawl Stone Soup version 0.18-b1-14-g029dad2 (webtiles) character file.

84 6a6kaBkacke the Skirmisher (level 4, 0/41 HPs)
             Began as a Minotaur Berserker on Apr 30, 2016.
             Was a Priest of Trog.
             Slain by a large abomination (25 damage)
             ... on level 1 of the Abyss.
             The game lasted 00:11:09 (1134 turns).

6a6kaBkacke the Skirmisher (Minotaur Berserker)     Turns: 1134, Time: 00:11:10

Health: 0/41       AC: 11    Str: 18    XL:     4   Next: 24%
Magic:  3/3        EV:  6    Int:  4    God:    Trog [***...]
Gold:   97         SH:  0    Dex: 10    Spells: 0 memorised, 3 levels left

rFire  . . .     SeeInvis .     a - +0 spear
rCold  . . .     Gourm    .     k - +0 plate armour
rNeg   . . .     Faith    .     (no shield)
rPois  .         Spirit   .     (helmet restricted)
rElec  .         Dismiss  .     (no cloak)
rCorr  .         Reflect  .     (no gloves)
SustAt .         Harm     .     (no boots)
MR     .....                    (no amulet)
Stlth  ..........               (no ring)
                                (no ring)

@: not resistant to hostile enchantments, extremely unstealthy
A: retaliatory headbutt, horns 2, weak 2
a: Berserk, Trog's Hand, Burn Spellbooks, Renounce Religion


You were on level 1 of the Abyss.
You worshipped Trog.
Trog was most pleased with you.
You were not hungry.

You visited 1 branch of the dungeon, and saw 2 of its levels.
You visited the Abyss 1 time.

You collected 97 gold pieces.

Inventory:

Hand Weapons
 a - a +0 spear (weapon)
Armour
 k - a +0 plate armour (worn)
Scrolls
 d - a scroll of enchant armour {unknown}
 e - a scroll of random uselessness
 i - a scroll of enchant weapon {unknown}
Potions
 b - 2 potions of curing
 j - 2 potions of agility {unknown}
Comestibles
 c - a bread ration
 f - 5 fruits
 g - 2 meat rations


   Skills:
 + Level 4.8 Fighting
 + Level 4.6 Polearms
 + Level 2.8 Armour
 + Level 2.7 Dodging
 + Level 0.1 Stealth


You had 3 spell levels left.
You didn't know any spells.

Dungeon Overview and Level Annotations

Branches:
Dungeon (2/15)

Altars:
Qazlal


Innate Abilities, Weirdness & Mutations

You reflexively headbutt those who attack you in melee.
You have a pair of horns on your head.
[You are very weak. (Str -4)]


Message History

You hit the rat.
You kill the rat!
Trog accepts your kill.
A goblin comes into view. It is wielding a dagger of distortion.
The goblin shouts!
You hit the goblin but do no damage. The goblin hits you but does no damage.
You are cast into the Abyss!
To return, you must find a gate leading back.
Killing monsters will force the Abyss to allow you passage.
This branch contains the abyssal rune of Zot.
Found a scroll of identify.
A large abomination comes into view.
A wretched star comes into view.
The wretched star moves out of view.
Found 26 gold pieces.
The wretched star pulses with an eldritch light!
You feel weaker. x2
The large abomination hits you! The large abomination hits you!!
Ouch! That really hurt!
You die...

.. # # #..#. #.# #
###...#.## #
.##.#.##..# # #
......... #.#..# ..
# #.###..... .#.#.#
#..........####...#.
...###....#........
. #......X..# ..
#.##?###@.# .. #..
#...*..# #. #.#
#..###.# . #. #..#
.. ..# .... .# ..
..#$. # #...# ....#


You could see a wretched star and a large abomination.

Vanquished Creatures
  Robin (D:2)
  An adder (D:2)
  An ooze (D:2)
  A ball python (D:2)
  3 bats (D:1)
  2 giant cockroaches
  7 hobgoblins
  3 jackals (D:2)
  A quokka (D:2)
  4 giant newts
  18 goblins
  4 kobolds
  8 rats
54 creatures vanquished.

Notes
Turn   | Place    | Note
--------------------------------------------------------------
     0 | D:1      | 6a6kaBkacke the Minotaur Berserker began the quest for the Orb.
     0 | D:1      | Reached XP level 1. HP: 19/19 MP: 0/0
   185 | D:1      | Reached XP level 2. HP: 21/27 MP: 1/1
   441 | D:2      | Found a stormy altar of Qazlal.
   447 | D:2      | Reached ** piety under Trog
   587 | D:2      | Reached XP level 3. HP: 32/34 MP: 2/2
   593 | D:2      | Noticed Robin
   604 | D:2      | Killed Robin
   734 | D:2      | Reached XP level 4. HP: 32/41 MP: 3/3
   983 | D:2      | Reached *** piety under Trog
  1079 | D:2      | Cast into level 1 of the Abyss (goblin)
  1129 | Abyss:1  | Noticed a large abomination
  1131 | Abyss:1  | Noticed a wretched star
  1134 | Abyss:1  | Slain by a large abomination

Skill      XL: |  1  2 |
---------------+-------+-----
Fighting       | 4 |  4.8
Polearms       | 4 |  4.6
Armour         | |  2.8
Dodging        | |  2.7
Stealth        | |  0.1

Action                   |  1- 3 |  4- 6 || total
-------------------------+-------+-------++-------
Melee: Spear             |    93 |    38 ||   131
       Headbutt          |    20 |     5 ||    25
Invok: Berserk           |     1 |       ||     1
  Use: Scroll            |     3 |       ||     3
  Eat: Chunk             |     1 |     1 ||     2
Armor: Leather armour    |     3 |       ||     3
       Scale mail        |    17 |       ||    17
       Plate armour      |    25 |    29 ||    54
Dodge: Dodged            |    49 |    17 ||    66
